 Dungeon Crawl Stone Soup version 0.30-a0-715-gdb4ae3ece1 (webtiles) character file.

Game seed: 4410648094110660248

564 PyroL the Geomancer (level 7, 0/36 HPs)
             Began as a Gargoyle Earth Elementalist on Jan 24, 2023.
             Slain by a wight
             ... wielding a +4 falchion of freezing
              (14 damage)
             ... on level 4 of the Dungeon.
             The game lasted 00:05:55 (3830 turns).

PyroL the Geomancer (Gargoyle Earth Elementalist)   Turns: 3830, Time: 00:05:56

Health: 0/36       AC:  9    Str: 11    XL:     7   Next: 32%
Magic:  7/13       EV: 11    Int: 18    God:
Gold:   172        SH:  0    Dex: 10    Spells: 8/14 levels left

rFire   . . .      SeeInvis .    i - +2 flail (protect)
rCold   . . .      Faith    .    (no shield)
rNeg    + . .      Spirit   .    a - +0 robe
rPois   ∞          Reflect  .    r - +0 helmet
rElec   +          Harm     .    j - +0 cloak
rCorr   .          Rampage  .    (no gloves)
Will    .....                    t - +0 pair of boots
Stlth   ++                       s - amulet of regeneration
HPRegen 1.06/turn                p - ring of wizardry
MPRegen 0.13/turn                (no ring)

@: no status effects
A: sickness immunity, AC +4, negative energy resistance 1, electricity
resistance, torment resistance 1, petrification resistance
a: no special abilities


You were on level 4 of the Dungeon.
You visited 1 branch of the dungeon, and saw 5 of its levels.

You collected 172 gold pieces.

Inventory:

Hand Weapons
 i - a +2 flail of protection (weapon)
Missiles
 h - 10 poisoned darts
 u - 2 throwing nets
Armour
 a - a +0 robe (worn)
 j - a +0 cloak (worn)
 r - a +0 helmet (worn)
 t - a +0 pair of boots (worn)
Jewellery
 p - a ring of wizardry (left hand)
 s - an amulet of regeneration (around neck)
Scrolls
 k - a scroll of brand weapon {unknown}
 l - 2 scrolls of vulnerability {unknown}
 n - a scroll of fog {unknown}
 o - a scroll of identify {unknown}
 q - a scroll of teleportation
Potions
 b - a potion of magic
 c - 3 potions of ambrosia {unknown}
 d - 2 potions of attraction {unknown}
 e - 2 potions of haste {unknown}
 f - 3 potions of brilliance {unknown}
 g - 3 potions of degeneration {unknown}
 m - a potion of lignification {unknown}


   Skills:
 - Level 1.5 Dodging
 - Level 2.1 Stealth
 - Level 4.0 Spellcasting
 - Level 0.7 Transmutations
 + Level 8.7 Earth Magic


You had 8 spell levels left.
You knew the following spells:

 Your Spells              Type           Power      Damage    Failure   Level
a - Sandblast             Erth           68%        2d15      1%          1
b - Passwall              Tmut/Erth      16%        N/A       1%          2
c - Stone Arrow           Conj/Erth      38%        3d9       3%          3

Your spell library contained the following spells:

 Spells                   Type           Power      Damage    Failure   Level
 Necrotise                Necr           12%        1d4       6%          1
 Petrify                  Tmut/Erth      20%        N/A       9%          4
 Vampiric Draining        Necr           3%         2d6       17%         3
 Agony                    Necr           3%         N/A       82%         5


Dungeon Overview and Level Annotations

Branches:
Dungeon (5/15)
 Temple: D:4-7

Altars:
Gozag
Ru

Shops:
D:2 *


Innate Abilities, Weirdness & Mutations

You are immune to sickness and miasma.
Your stone body is resilient. (AC +4)
You are immune to poison.
You resist negative energy. (rN+)
You are resistant to electric shocks. (rElec)
You are resistant to unholy torment.
You are immune to petrification.


Message History

The blast of sand hits the wight.
The wight is severely damaged.
The blast of sand hits the wight.
The wight is almost destroyed.
The wight hits you with a +4 falchion of freezing.
The wight freezes you.
The wight hits you with a +4 falchion of freezing!
The wight freezes you.
The blast of sand hits the wight.
The wight is almost destroyed.
The wight hits you with a +4 falchion of freezing!
The wight freezes you.
* * * LOW HITPOINT WARNING * * *
You are too injured to fight recklessly!
There is a stone staircase leading up here.
The wight hits you with a +4 falchion of freezing.
* * * LOW HITPOINT WARNING * * *
The wight freezes you.
* * * LOW HITPOINT WARNING * * *
You climb upwards.
There is a stone staircase leading down here.
You are too injured to fight recklessly!
Casting: Sandblast (safe; 1% risk of failure)
Confirm with . or Enter, or press ? or * to list all spells.
Aiming: Sandblast (safe; 1% risk of failure)
Press: ? - help, Shift-Dir - straight line, f - wight
Aim: a wight, wielding a +4 falchion of freezing and wearing a +0 robe (almost destroyed, 84% to hit)
The blast of sand misses the wight.
The wight barely misses you.
The wight hits you with a +4 falchion of freezing.
* * * LOW HITPOINT WARNING * * *
The wight freezes you.
* * * LOW HITPOINT WARNING * * *
Casting: Sandblast (safe; 1% risk of failure)
Confirm with . or Enter, or press ? or * to list all spells.
Aiming: Sandblast (safe; 1% risk of failure)
Press: ? - help, Shift-Dir - straight line, f/p - wight
Aim: a wight, wielding a +4 falchion of freezing and wearing a +0 robe (almost destroyed, 84% to hit)
The blast of sand misses the wight.
The wight hits you with a +4 falchion of freezing!
You die...

######≈≈≈~≈≈~~~~~≈~~≈≈≈≈≈#.#
#≈≈≈≈≈~~~~~~~~≈~≈≈≈≈≈##.# #
####......~....~~..####.# #
#.####..~...~.~~..# #..####
#######.####.......###.##
#......
..#...†............###.#
##.####
#....#######........##.# #.#
#....# ##.#...###.#.# #.#
#.#..## ##.#..z@# ##..# #.#
..#...# #.###..## #..# #.#
###.#.# ##.#.#.##
##.######.# ....#.#
##.###.###......^..# ..###.#
### ##...########## #.....#
##### #######


You could see a wight.

Vanquished Creatures
  A phantom (D:4)
  A bullfrog (D:3)
  A necrophage (D:4)
  A scorpion (D:4)
  Crazy Yiuf (D:2)
  Jessica (D:2)
  An iguana (D:4)
  Natasha (twice) (D:4)
  3 gnolls (D:2)
  8 adders
  3 worms
  2 dart slugs
  An orc (D:3)
  6 endoplasms
  2 giant cockroaches (D:3)
  10 goblins
  3 hobgoblins
  5 kobolds
  4 quokkas
  4 ball pythons
  3 bats
  2 frilled lizards (D:1)
  8 rats
73 creatures vanquished.

Vanquished Creatures (others)
  3 fungi (D:2)
  7 plants (D:2)
10 creatures vanquished.

Grand Total: 83 creatures vanquished

Notes
Turn   | Place    | Note
-------+----------+-------------------------------------------
     0 | D:1      | PyroL the Gargoyle Earth Elementalist began the quest for
                  | the Orb.
     0 | D:1      | Reached XP level 1. HP: 10/10 MP: 3/3
   370 | D:1      | Reached XP level 2. HP: 15/15 MP: 3/5
   398 | D:1      | Reached skill level 4 in Earth Magic
  1193 | D:2      | Reached XP level 3. HP: 19/19 MP: 5/7
  1250 | D:2      | Learned a level 2 spell: Passwall
  1254 | D:2      | Learned a level 3 spell: Stone Arrow
  1349 | D:2      | Reached XP level 4. HP: 19/24 MP: 0/8
  1546 | D:2      | Noticed Jessica
  1549 | D:2      | Killed Jessica
  1550 | D:2      | Reached skill level 5 in Earth Magic
  1640 | D:2      | Found a faded altar of an unknown god.
  1660 | D:2      | Found Utaxuaw's Assorted Antiques.
  1727 | D:2      | Reached XP level 5. HP: 28/28 MP: 7/10
  1964 | D:2      | Found a runed translucent door.
  1965 | D:2      | Noticed Crazy Yiuf
  1971 | D:2      | Killed Crazy Yiuf
  2331 | D:3      | Found an opulent altar of Gozag.
  2336 | D:3      | Reached skill level 6 in Earth Magic
  2337 | D:3      | Reached XP level 6. HP: 32/32 MP: 7/12
  2736 | D:4      | Reached skill level 7 in Earth Magic
  3249 | D:4      | Reached XP level 7. HP: 36/36 MP: 10/13
  3362 | D:4      | Reached skill level 8 in Earth Magic
  3386 | D:4      | Found a sacrificial altar of Ru.
  3614 | D:4      | Noticed Natasha
  3616 | D:4      | Killed Natasha
  3718 | D:4      | Noticed Natasha
  3720 | D:4      | Killed Natasha
  3818 | D:5      | Entered Level 5 of the Dungeon
  3830 | D:4      | Slain by a wight

Illustrated notes

Levels and vault maps discovered:
D:1:      minmay_arrival_radiant_lines, layout_basic, serial_rivers,
          chequers_serial_rivers_small_b, chequers_serial_rivers_marsh,
          chequers_serial_rivers_small_3, chequers_serial_rivers_room_a
D:2:      layout_basic, shapermc_ecumenical_altar_mp_ritualfount, serial_shops,
          shop, uniq_crazy_yiuf_cottage, uniq_jessica
D:3:      layout_loops_ring, mainiacjoe_overflow_small_starburst
D:4:      layout_loops_ring, amcnicky_altar_gilded, serial_rivers,
          chequers_serial_rivers_small_a, chequers_serial_rivers_room_b,
          chequers_serial_rivers_small_3, chequers_serial_rivers_micro_b,
          chequers_serial_rivers_small_b, chequers_serial_rivers_small_b,
          hangedman_abyss_or_decor_stabs, uniq_natasha
D:5:      layout_layer_cave, lemuel_blue_sif_altar, elyvilon_altar_3,
          minmay_temple_entry_waves, hangedman_decor_clover_reticule,
          hangedman_decor_peaks_small

Skill      XL: |  1  2  3  4  5  6  7 |
---------------+----------------------+-----
Earth Magic    | 4 5 6 7 8 |  8.7
Spellcasting   | 3 4 |  4.0
Dodging        | |  1.5
Stealth        | |  2.1
Transmutations | |  0.7

Action                     |  1- 3 |  4- 6 |  7- 9 || total
---------------------------+-------+-------+-------++-------
  Melee: Spear             |    23 |       |       ||    23
         Flail             |       |     9 |     2 ||    11
   Cast: Sandblast         |    40 |    57 |    17 ||   114
         Stone Arrow       |       |     2 |       ||     2
    Use: Scroll            |     2 |       |       ||     2
 Armour: Robe              |     7 |     7 |     1 ||    15
  Dodge: Dodged            |    19 |    13 |     3 ||    35

Table legend: (Time is in decaauts)
 A = Elapsed time spent in this place.
 B = Non-inter-level travel time spent in this place.
 C = Inter-level travel time spent in this place.
 D = Time resting spent in this place.
 E = Time spent auto-exploring this place.
 F = Levels seen in this place.
 G = Mean time per level.
                   A        B        C        D        E       F      G
               +--------+--------+--------+--------+--------+-----+--------+
         Total |   3912 |   3844 |     68 |      7 |   3252 |   5 |  782.4 |
       Dungeon |   3912 |   3844 |     68 |      7 |   3252 |   5 |  782.4 |
               +--------+--------+--------+--------+--------+-----+--------+

Top non-repeatable levels by time:
     D:2: 1220 daAuts
     D:4: 1158 daAuts
     D:1: 883 daAuts
     D:3: 637 daAuts
     D:5: 12 daAuts
